Hartford Whalers vs Arizona Coyotes
Created - Wednesday, June 21, 2023 at 07:00
Goals
|
| Hartford Whalers |
1 |
3 |
0 |
4 |
| Arizona Coyotes |
0 |
0 |
1 |
1 |
|
Shots
|
| Hartford Whalers |
14 |
18 |
8 |
40 |
| Arizona Coyotes |
8 |
9 |
11 |
28 |
|
1st period
1. Hartford Whalers , Alexander Wennberg 23 (Michael Raffl 8, Travis Dermott 4) at 3:24
Penalties :
Brayden McNabb (AZC) for Holding Stick (Minor) at 0:57, Radko Gudas (AZC) for Fighting (Major) at 5:38, Marcus Foligno (HFD) for Fighting (Major) at 5:38, Torey Krug (HFD) for Hooking (Minor) at 8:58, Anthony Mantha (HFD) for Hooking (Minor) at 12:54, Dmitry Orlov (AZC) for High sticking (Minor) at 15:31
2nd period
2. Hartford Whalers , Taylor Hall 26 (Alexander Wennberg 41, Torey Krug 24) at 1:13
3. Hartford Whalers , Casey Cizikas 5 (Anthony Mantha 24, Alexis Lafreniere 17) at 10:02
4. Hartford Whalers , Joshua Norris 36 (Taylor Hall 46, Marcus Foligno 23) at 10:47
Penalties :
Thomas Chabot (HFD) for Hooking (Minor) at 3:02
3rd period
5. Arizona Coyotes , Brandon Tanev 6 (Ross Colton 7, Radko Gudas 12) at 11:41
Penalties :
Casey Cizikas (HFD) for High sticking (Minor) at 2:38, Mathew Dumba (AZC) for Tripping (Minor) at 18:33
Goalie Stats
Anton Forsberg (HFD), 27 saves from 28 shots - (0.964), W, 24-16-5, 60:00 minutes
Kaapo Kahkonen (AZC), 36 saves from 40 shots - (0.900), L, 30-18-7, 60:00 minutes
Players Stats for Hartford Whalers
Player Name G A P +/- PIM S H SB GA TA FO MP PP MP PK MP
------------------------------------------------------------------------------------
Alec Martinez 0 0 0 3 0 0 1 3 0 0 0/0 22:27 2:33 3:31
Alexander Wennberg 1 1 2 1 0 5 1 1 0 0 11/18 18:59 2:18 3:45
Alexis Lafreniere 0 1 1 1 0 1 2 1 0 1 0/1 13:21 0:00 0:11
Anthony Mantha 0 1 1 1 2 2 1 0 1 0 0/0 12:56 0:00 0:00
Brett Howden 0 0 0 0 0 1 1 0 0 0 0/0 7:45 0:00 0:23
Casey Cizikas 1 0 1 1 2 1 0 1 1 0 2/6 13:31 0:00 0:00
Connor Clifton 0 0 0 0 0 0 1 0 0 1 0/0 14:09 0:00 0:00
Eetu Luostarinen 0 0 0 0 0 4 0 0 0 0 1/1 8:37 0:00 0:43
Jaccob Slavin 0 0 0 0 0 0 0 2 1 0 0/0 23:24 2:51 4:25
Josh Anderson 0 0 0 1 0 4 3 0 2 0 1/2 15:09 2:18 0:00
Joshua Norris 1 0 1 1 0 6 1 1 0 0 6/20 20:20 3:06 3:55
Kevin Labanc 0 0 0 0 0 1 0 0 0 0 0/0 7:22 0:00 0:00
Marcus Foligno 0 1 1 1 5 3 2 0 0 1 0/4 18:18 3:06 3:00
Michael Raffl 0 1 1 1 0 1 1 0 0 0 0/0 15:09 2:18 0:00
Taylor Hall 1 1 2 1 0 3 4 0 1 0 0/3 20:31 3:06 3:57
Thomas Chabot 0 0 0 0 2 2 1 0 0 0 0/0 21:29 2:51 3:09
Torey Krug 0 1 1 3 2 2 2 1 0 0 0/0 22:36 2:33 3:03
Travis Dermott 0 1 1 0 0 4 0 3 0 0 0/0 15:58 0:00 1:44
Players Stats for Arizona Coyotes
Player Name G A P +/- PIM S H SB GA TA FO MP PP MP PK MP
------------------------------------------------------------------------------------
Brandon Tanev 1 0 1 0 0 3 0 0 0 0 0/0 8:50 0:00 0:00
Brayden McNabb 0 0 0 -1 2 0 0 3 0 1 0/0 24:47 3:42 0:57
Charlie Coyle 0 0 0 -1 0 0 4 0 0 1 0/0 11:29 0:00 0:00
Claude Giroux 0 0 0 0 0 2 3 0 0 0 4/6 19:33 3:57 2:39
David Krejci 0 0 0 0 0 1 1 0 0 0 15/24 20:26 3:59 2:45
Dmitry Orlov 0 0 0 -1 2 0 1 0 0 1 0/0 20:46 3:42 0:00
Erik Haula 0 0 0 -1 0 1 0 0 0 0 5/8 15:08 0:00 2:45
Ilya Mikheyev 0 0 0 -2 0 2 2 0 0 0 0/2 16:14 3:57 0:00
James van Riemsdyk 0 0 0 -1 0 1 0 0 0 0 0/0 11:50 0:00 0:00
Jani Hakanpaa 0 0 0 0 0 0 2 2 0 1 0/0 17:08 0:00 3:44
Jared Spurgeon 0 0 0 -2 0 5 2 1 3 2 0/0 23:32 4:14 2:13
Mathew Dumba 0 0 0 -2 2 1 0 2 0 0 0/0 16:00 1:02 0:43
Mats Zuccarello 0 0 0 0 0 5 0 1 0 0 0/2 19:33 3:57 2:39
Ondrej Palat 0 0 0 -2 0 3 2 0 0 0 0/0 16:29 3:59 0:00
Radko Gudas 0 1 1 0 5 1 1 2 0 0 0/0 18:38 3:12 3:11
Ross Colton 0 1 1 0 0 1 0 0 0 0 2/2 8:50 0:00 0:00
Tyler Seguin 0 0 0 -2 0 1 3 1 0 0 8/11 16:29 3:59 0:00
William Carrier 0 0 0 0 0 1 1 0 0 0 0/0 8:50 0:00 0:00
3 Stars
1 - Taylor Hall (HFD)
2 - Alexander Wennberg (HFD)
3 - Anton Forsberg (HFD)
Power Play
Hartford Whalers - 0 on 3 Attempt(s) - 0.00%
Arizona Coyotes - 0 on 4 Attempt(s) - 0.00%
Penalty Kill
Hartford Whalers - 4 on 4 Attempt(s) - 100.00%
- Score 0 goal in Penalty Kill
Arizona Coyotes - 3 on 3 Attempt(s) - 100.00%
- Score 0 goal in Penalty Kill
Team Stat
Hartford Whalers - Hits : 21 - Faceoff Wins : 21 - Blocked Shots : 13 - Penalty Minutes : 13
Arizona Coyotes - Hits : 22 - Faceoff Wins : 34 - Blocked Shots : 12 - Penalty Minutes : 11
Official
Referees : Kyle Rehman and Dean Morton
Linesman : Ryan Gibbons and Steve Miller
Game Notes
Marcus Foligno beats up Radko Gudas at 5:38 of 1st period
Finance
Level 1 -- Attendance: 6000 (100.00%) -- Ticket Income $570,000
Level 2 -- Attendance: 4802 (96.04%) -- Ticket Income $273,714
Level 3 -- Attendance: 3000 (100.00%) -- Ticket Income $93,000
Level 4 -- Attendance: 4875 (97.50%) -- Ticket Income $102,375
Luxury Box -- Attendance: 974 (97.40%) -- Ticket Income $188,956
Game was played at the Gila River Arena.
Total Attendance: 19651 (98.26%)
Total Ticket Income: $1,228,045
Other Income: $429,816
Total Income: $1,657,861
Hartford Whalers
5 vs 5 Forward
Center Left Wing Right Wing Time % Phy DF OF
1 Joshua Norris Taylor Hall Marcus Foligno 30 1 2 2
2 Alexander Wennberg Josh Anderson Michael Raffl 30 1 2 2
3 Casey Cizikas Alexis Lafreniere Anthony Mantha 25 1 2 2
4 Eetu Luostarinen Brett Howden Kevin Labanc 15 1 2 2
5 vs 5 Defense
Defense Defense Time % Phy DF OF
1 Jaccob Slavin Thomas Chabot 35 1 2 2
2 Torey Krug Alec Martinez 35 1 2 2
3 Connor Clifton Travis Dermott 30 1 2 2
4 Jaccob Slavin Thomas Chabot 0 1 2 2
PowerPlay Forward
Center Left Wing Right Wing Time % Phy DF OF
1 Joshua Norris Taylor Hall Marcus Foligno 50 1 2 2
2 Alexander Wennberg Josh Anderson Michael Raffl 50 1 2 2
PowerPlay Defense
Defense Defense Time % Phy DF OF
1 Jaccob Slavin Thomas Chabot 50 1 2 2
2 Torey Krug Alec Martinez 50 1 2 2
Penalty Kill 4 Players Forward
Center Wing Time % Phy DF OF
1 Joshua Norris Taylor Hall 50 1 2 2
2 Marcus Foligno Alexander Wennberg 50 1 2 2
Penalty Kill 4 Players Defense
Defense Defense Time % Phy DF OF
1 Jaccob Slavin Thomas Chabot 50 1 2 2
2 Torey Krug Alec Martinez 50 1 2 2
Penalty Kill - 3 Players Forward
Forward Time % Phy DF OF
1 Joshua Norris 50 1 2 2
2 Taylor Hall 50 1 2 2
Penalty Kill - 3 Players Defense
Defense Defense Time % Phy DF OF
1 Jaccob Slavin Thomas Chabot 50 1 2 2
2 Torey Krug Alec Martinez 50 1 2 2
4 vs 4 Forward
Center Wing Time % Phy DF OF
1 Joshua Norris Taylor Hall 50 1 2 2
2 Marcus Foligno Alexander Wennberg 50 1 2 2
4 vs 4 Defense
Defense Defense Time % Phy DF OF
1 Jaccob Slavin Thomas Chabot 50 1 2 2
2 Torey Krug Alec Martinez 50 1 2 2
Last Minutes Offensive
Center Left Wing Right Wing Defense Defense
Joshua Norris Taylor Hall Marcus Foligno Jaccob Slavin Thomas Chabot
Last Minutes Defensive
Center Left Wing Right Wing Defense Defense
Joshua Norris Taylor Hall Marcus Foligno Jaccob Slavin Thomas Chabot
Goaltenders
Starting : Anton Forsberg
Backup : Logan Thompson
Extra Forwards
Normal : Casey Cizikas, Alexis Lafreniere, Eetu Luostarinen - PP : Casey Cizikas, Alexis Lafreniere - PK : Eetu Luostarinen
Extra Defensemen
Normal : Connor Clifton, Travis Dermott, Torey Krug - PP : Connor Clifton - PK : Travis Dermott, Torey Krug
Penalty Shots
Joshua Norris, Taylor Hall, Marcus Foligno, Alexander Wennberg, Josh Anderson
Arizona Coyotes
5 vs 5 Forward
Center Left Wing Right Wing Time % Phy DF OF
1 David Krejci Mats Zuccarello Claude Giroux 30 1 2 2
2 Tyler Seguin Ondrej Palat Ilya Mikheyev 30 1 2 2
3 Erik Haula James van Riemsdyk Charlie Coyle 25 1 2 2
4 Ross Colton William Carrier Brandon Tanev 15 1 2 2
5 vs 5 Defense
Defense Defense Time % Phy DF OF
1 Mathew Dumba Jared Spurgeon 30 1 2 2
2 Brayden McNabb Dmitry Orlov 30 1 2 2
3 Radko Gudas Jani Hakanpaa 25 1 2 2
4 Brayden McNabb Jared Spurgeon 15 1 2 2
PowerPlay Forward
Center Left Wing Right Wing Time % Phy DF OF
1 Claude Giroux Mats Zuccarello Ilya Mikheyev 50 1 1 3
2 David Krejci Ondrej Palat Tyler Seguin 50 1 1 3
PowerPlay Defense
Defense Defense Time % Phy DF OF
1 Radko Gudas Jared Spurgeon 50 1 2 2
2 Brayden McNabb Dmitry Orlov 50 1 2 2
Penalty Kill 4 Players Forward
Center Wing Time % Phy DF OF
1 Claude Giroux Mats Zuccarello 50 1 2 2
2 Erik Haula David Krejci 50 1 2 2
Penalty Kill 4 Players Defense
Defense Defense Time % Phy DF OF
1 Brayden McNabb Jared Spurgeon 50 1 2 2
2 Jani Hakanpaa Radko Gudas 50 1 2 2
Penalty Kill - 3 Players Forward
Forward Time % Phy DF OF
1 Claude Giroux 50 1 2 2
2 Mats Zuccarello 50 1 2 2
Penalty Kill - 3 Players Defense
Defense Defense Time % Phy DF OF
1 Radko Gudas Jani Hakanpaa 50 1 2 2
2 Brayden McNabb Dmitry Orlov 50 1 2 2
4 vs 4 Forward
Center Wing Time % Phy DF OF
1 Claude Giroux Mats Zuccarello 50 1 2 2
2 Erik Haula David Krejci 50 1 2 2
4 vs 4 Defense
Defense Defense Time % Phy DF OF
1 Jani Hakanpaa Jared Spurgeon 50 1 2 2
2 Brayden McNabb Dmitry Orlov 50 1 2 2
Last Minutes Offensive
Center Left Wing Right Wing Defense Defense
Claude Giroux Mats Zuccarello Charlie Coyle Mathew Dumba Jared Spurgeon
Last Minutes Defensive
Center Left Wing Right Wing Defense Defense
Claude Giroux Mats Zuccarello Charlie Coyle Mathew Dumba Jared Spurgeon
Goaltenders
Starting : Kaapo Kahkonen
Backup : Elvis Merzlikins
Extra Forwards
Normal : James van Riemsdyk, Erik Haula, Mats Zuccarello - PP : James van Riemsdyk, Erik Haula - PK : Claude Giroux
Extra Defensemen
Normal : Radko Gudas, Jani Hakanpaa, Brayden McNabb - PP : Radko Gudas - PK : Jani Hakanpaa, Brayden McNabb
Penalty Shots
Claude Giroux, Mats Zuccarello, Charlie Coyle, David Krejci, Tyler Seguin
% Time on Ice - Hartford Whalers
Lines # - Real PCT - Wanted PCT - Time Play
Normal Forward
1 - 29% - 30% - 13:28
2 - 28% - 30% - 12:56
3 - 28% - 25% - 12:54
4 - 16% - 15% - 7:22
Normal Defense
1 - 34% - 35% - 16:03
2 - 35% - 35% - 16:28
3 - 30% - 30% - 14:09
4 - 0% - 0% - 0:00
PP Forward
1 - 57% - 50% - 3:06
2 - 43% - 50% - 2:18
PP Defense
1 - 53% - 50% - 2:51
2 - 47% - 50% - 2:33
PK Forward
1 - 50% - 50% - 4:00
2 - 50% - 50% - 3:56
PK Defense
1 - 55% - 50% - 4:20
2 - 45% - 50% - 3:36
PK3 Forward
1 - 0% - 50%
2 - 0% - 50%
PK3 Defense
1 - 0% - 50%
2 - 0% - 50%
44 Forward
1 - 0% - 50%
2 - 0% - 50%
44 Defense
1 - 0% - 50%
2 - 0% - 50%
Last Minute Offensive - 0:00
Last Minute Defensive - 0:00
Total
Forward - 60:00
Defense - 60:00
|
% Time on Ice - Arizona Coyotes
Lines # - Real PCT - Wanted PCT - Time Play
Normal Forward
1 - 28% - 30% - 12:57
2 - 29% - 30% - 13:24
3 - 25% - 25% - 11:29
4 - 19% - 15% - 8:50
Normal Defense
1 - 32% - 30% - 14:50
2 - 33% - 30% - 15:20
3 - 27% - 25% - 12:27
4 - 9% - 15% - 4:03
PP Forward
1 - 50% - 50% - 3:57
2 - 50% - 50% - 3:59
PP Defense
1 - 53% - 50% - 4:14
2 - 47% - 50% - 3:42
PK Forward
1 - 49% - 50% - 2:39
2 - 51% - 50% - 2:45
PK Defense
1 - 41% - 50% - 2:13
2 - 59% - 50% - 3:11
PK3 Forward
1 - 0% - 50%
2 - 0% - 50%
PK3 Defense
1 - 0% - 50%
2 - 0% - 50%
44 Forward
1 - 0% - 50%
2 - 0% - 50%
44 Defense
1 - 0% - 50%
2 - 0% - 50%
Last Minute Offensive - 0:00
Last Minute Defensive - 0:00
Total
Forward - 60:00
Defense - 60:00
|
Play-by-Play
1st period
0:01 of 1st period - David Krejci wins face-off versus Joshua Norris in neutral zone.
0:26 of 1st period - Mathew Dumba is hit by Michael Raffl.
0:57 of 1st period - Minor Penalty to Brayden McNabb for Holding Stick.
0:58 of 1st period - Claude Giroux wins face-off versus Taylor Hall in Arizona Coyotes zone.
1:30 of 1st period - Snap shot by Mats Zuccarello.
1:30 of 1st period - Stopped by Anton Forsberg without a rebound.
1:31 of 1st period - Alexander Wennberg wins face-off versus Claude Giroux in Hartford Whalers zone.
2:01 of 1st period - Off-side.
2:02 of 1st period - Erik Haula wins face-off versus Joshua Norris in neutral zone.
2:05 of 1st period - Snap shot by David Krejci.
2:05 of 1st period - Shot Misses the Net.
2:57 of 1st period - Penalty to Brayden McNabb is over, Brayden McNabb is back on ice.
3:05 of 1st period - Snap shot by Ilya Mikheyev.
3:05 of 1st period - Stopped by Anton Forsberg without a rebound.
3:06 of 1st period - Tyler Seguin wins face-off versus Casey Cizikas in Hartford Whalers zone.
3:07 of 1st period - Backhand shot by Ilya Mikheyev.
3:07 of 1st period - Stopped by Anton Forsberg without a rebound.
3:08 of 1st period - Alexander Wennberg wins face-off versus Ilya Mikheyev in Hartford Whalers zone.
3:13 of 1st period - Ondrej Palat is hit by Josh Anderson and loses puck.
3:18 of 1st period - Snap shot by Alexander Wennberg.
3:18 of 1st period - Shot Misses the Net.
3:20 of 1st period - Slapshot by Travis Dermott.
3:20 of 1st period - Stopped by Kaapo Kahkonen with a rebound.
3:22 of 1st period - Snap shot by Michael Raffl.
3:22 of 1st period - Stopped by Kaapo Kahkonen with a rebound.
3:24 of 1st period - Wrist shot by Alexander Wennberg.
3:24 of 1st period - Goal by Alexander Wennberg - Hartford Whalers : 1 - Arizona Coyotes : 0.
3:25 of 1st period - David Krejci wins face-off versus Joshua Norris in neutral zone.
3:34 of 1st period - Slapshot by Claude Giroux.
3:34 of 1st period - Shot Misses the Net.
4:17 of 1st period - Off-side.
4:18 of 1st period - Ross Colton wins face-off versus Alexander Wennberg in neutral zone.
4:41 of 1st period - Snap shot by Alexander Wennberg.
4:41 of 1st period - Stopped by Kaapo Kahkonen with a rebound.
4:43 of 1st period - Snap shot by Thomas Chabot.
4:43 of 1st period - Shot Misses the Net.
4:51 of 1st period - Wrist shot by Josh Anderson.
4:51 of 1st period - Shot Misses the Net.
4:53 of 1st period - Slapshot by Josh Anderson.
4:53 of 1st period - Stopped by Kaapo Kahkonen with a rebound.
5:21 of 1st period - Snap shot by Thomas Chabot.
5:21 of 1st period - Stopped by Kaapo Kahkonen with a rebound.
5:23 of 1st period - Snap shot by Alexander Wennberg.
5:23 of 1st period - Deflect By Josh Anderson.
5:23 of 1st period - Stopped by Kaapo Kahkonen without a rebound.
5:24 of 1st period - David Krejci wins face-off versus Joshua Norris in Arizona Coyotes zone.
5:28 of 1st period - Off-side.
5:29 of 1st period - Joshua Norris wins face-off versus David Krejci in neutral zone.
5:29 of 1st period - Taylor Hall is hit by Claude Giroux.
5:38 of 1st period - Marcus Foligno beats up Radko Gudas.
5:38 of 1st period - Penalty to Radko Gudas for Fighting.
5:38 of 1st period - Penalty to Marcus Foligno for Fighting.
5:39 of 1st period - Casey Cizikas wins face-off versus Tyler Seguin in Arizona Coyotes zone.
6:06 of 1st period - Mathew Dumba is hit by Taylor Hall and loses puck.
6:51 of 1st period - Slapshot by Kevin Labanc.
6:51 of 1st period - Shot Misses the Net.
7:27 of 1st period - Alec Martinez is hit by Jani Hakanpaa and loses puck.
8:36 of 1st period - Mats Zuccarello is hit by Alexander Wennberg and loses puck.
8:52 of 1st period - Off-side.
8:53 of 1st period - Erik Haula wins face-off versus Joshua Norris in neutral zone.
8:56 of 1st period - Wrist shot by Charlie Coyle.
8:56 of 1st period - Shot Blocked by Alec Martinez.
8:58 of 1st period - Minor Penalty to Torey Krug for Hooking.
8:59 of 1st period - Claude Giroux wins face-off versus Joshua Norris in Hartford Whalers zone.
9:00 of 1st period - Wrist shot by Mats Zuccarello.
9:00 of 1st period - Stopped by Anton Forsberg with a rebound.
9:02 of 1st period - Slapshot by Brayden McNabb.
9:02 of 1st period - Deflect By Mats Zuccarello.
9:02 of 1st period - Stopped by Anton Forsberg without a rebound.
9:03 of 1st period - Claude Giroux wins face-off versus Joshua Norris in Hartford Whalers zone.
9:10 of 1st period - Slapshot by Claude Giroux.
9:10 of 1st period - Stopped by Anton Forsberg without a rebound.
9:11 of 1st period - Eetu Luostarinen wins face-off versus David Krejci in Hartford Whalers zone.
10:38 of 1st period - Penalty to Marcus Foligno is over, Marcus Foligno is back on ice.
10:43 of 1st period - Claude Giroux is hit by Thomas Chabot and loses puck.
10:58 of 1st period - Penalty to Torey Krug is over, Torey Krug is back on ice.
11:32 of 1st period - Snap shot by Brandon Tanev.
11:32 of 1st period - Stopped by Anton Forsberg with a rebound.
11:42 of 1st period - Brandon Tanev is hit by Brett Howden and loses puck.
11:53 of 1st period - Slapshot by Alexander Wennberg.
11:53 of 1st period - Stopped by Kaapo Kahkonen without a rebound.
11:54 of 1st period - Alexander Wennberg wins face-off versus Erik Haula in Arizona Coyotes zone.
12:54 of 1st period - Minor Penalty to Anthony Mantha for Hooking.
12:55 of 1st period - David Krejci wins face-off versus Joshua Norris in Hartford Whalers zone.
13:28 of 1st period - Wrist shot by Claude Giroux.
13:28 of 1st period - Stopped by Anton Forsberg with a rebound.
13:30 of 1st period - Wrist shot by Ilya Mikheyev.
13:30 of 1st period - Shot Blocked by Joshua Norris.
14:49 of 1st period - Jaccob Slavin is hit by Jared Spurgeon and loses puck.
14:54 of 1st period - Penalty to Anthony Mantha is over, Anthony Mantha is back on ice.
15:08 of 1st period - Snap shot by Eetu Luostarinen.
15:08 of 1st period - Stopped by Kaapo Kahkonen with a rebound.
15:26 of 1st period - Snap shot by Casey Cizikas.
15:26 of 1st period - Shot Blocked by Brayden McNabb.
15:31 of 1st period - Minor Penalty to Dmitry Orlov for High sticking.
15:32 of 1st period - Erik Haula wins face-off versus Alexander Wennberg in Arizona Coyotes zone.
15:40 of 1st period - Slapshot by Torey Krug.
15:40 of 1st period - Stopped by Kaapo Kahkonen with a rebound.
16:06 of 1st period - Wrist shot by Taylor Hall.
16:06 of 1st period - Stopped by Kaapo Kahkonen without a rebound.
16:07 of 1st period - Alexander Wennberg wins face-off versus Mats Zuccarello in Arizona Coyotes zone.
16:50 of 1st period - Joshua Norris is hit by Jani Hakanpaa and loses puck.
17:31 of 1st period - Penalty to Dmitry Orlov is over, Dmitry Orlov is back on ice.
17:31 of 1st period - Jared Spurgeon is hit by Joshua Norris.
17:35 of 1st period - Snap shot by Taylor Hall.
17:35 of 1st period - Shot Misses the Net.
17:37 of 1st period - Snap shot by Joshua Norris.
17:37 of 1st period - Shot Hit the Post.
17:39 of 1st period - Slapshot by Travis Dermott.
17:39 of 1st period - Shot Blocked by Brayden McNabb.
17:41 of 1st period - Snap shot by Joshua Norris.
17:41 of 1st period - Stopped by Kaapo Kahkonen with a rebound.
17:43 of 1st period - Slapshot by Travis Dermott.
17:43 of 1st period - Shot Misses the Net.
17:45 of 1st period - Snap shot by Travis Dermott.
17:45 of 1st period - Shot Misses the Net.
17:55 of 1st period - Erik Haula is hit by Marcus Foligno and loses puck.
18:04 of 1st period - Snap shot by Joshua Norris.
18:04 of 1st period - Stopped by Kaapo Kahkonen with a rebound.
18:06 of 1st period - Snap shot by Joshua Norris.
18:06 of 1st period - Shot Misses the Net.
18:08 of 1st period - Wrist shot by Marcus Foligno.
18:08 of 1st period - Shot Blocked by Jared Spurgeon.
18:24 of 1st period - Slapshot by Taylor Hall.
18:24 of 1st period - Stopped by Kaapo Kahkonen without a rebound.
18:25 of 1st period - Tyler Seguin wins face-off versus Casey Cizikas in Arizona Coyotes zone.
18:25 of 1st period - Tyler Seguin is hit by Alexis Lafreniere.
18:31 of 1st period - Snap shot by Tyler Seguin.
18:31 of 1st period - Shot Blocked by Casey Cizikas.
18:51 of 1st period - Alexander Wennberg is hit by William Carrier and loses puck.
Goals for this period are 1 for Hartford Whalers vs 0 for Arizona Coyotes.
Shots for this period are 14 for Hartford Whalers vs 8 for Arizona Coyotes.
2nd period
0:01 of 2nd period - Joshua Norris wins face-off versus David Krejci in neutral zone.
0:47 of 2nd period - Michael Raffl is hit by Tyler Seguin and loses puck.
1:00 of 2nd period - Alec Martinez is hit by Ilya Mikheyev and loses puck.
1:13 of 2nd period - Wrist shot by Taylor Hall.
1:13 of 2nd period - Goal by Taylor Hall - Hartford Whalers : 2 - Arizona Coyotes : 0.
1:14 of 2nd period - David Krejci wins face-off versus Joshua Norris in neutral zone.
1:21 of 2nd period - Wrist shot by David Krejci.
1:21 of 2nd period - Stopped by Anton Forsberg without a rebound.
1:22 of 2nd period - David Krejci wins face-off versus Joshua Norris in Hartford Whalers zone.
1:37 of 2nd period - Snap shot by David Krejci.
1:37 of 2nd period - Shot Misses the Net.
1:39 of 2nd period - Slapshot by Dmitry Orlov.
1:39 of 2nd period - Deflect By Mats Zuccarello.
1:39 of 2nd period - Deflect By Joshua Norris.
1:39 of 2nd period - Shot Blocked by Jaccob Slavin.
1:39 of 2nd period - Puck is out of play.
1:40 of 2nd period - Casey Cizikas wins face-off versus Erik Haula in Hartford Whalers zone.
2:05 of 2nd period - Taylor Hall is hit by Claude Giroux.
2:09 of 2nd period - Wrist shot by Joshua Norris.
2:09 of 2nd period - Shot Blocked by Mathew Dumba.
2:11 of 2nd period - Slapshot by Travis Dermott.
2:11 of 2nd period - Stopped by Kaapo Kahkonen without a rebound.
2:12 of 2nd period - Alexander Wennberg wins face-off versus David Krejci in Arizona Coyotes zone.
2:13 of 2nd period - Slapshot by Josh Anderson.
2:13 of 2nd period - Stopped by Kaapo Kahkonen with a rebound.
2:19 of 2nd period - Snap shot by David Krejci.
2:19 of 2nd period - Shot Blocked by Travis Dermott.
2:25 of 2nd period - Wrist shot by Mats Zuccarello.
2:25 of 2nd period - Shot Misses the Net.
2:27 of 2nd period - Snap shot by Claude Giroux.
2:27 of 2nd period - Shot Misses the Net.
2:29 of 2nd period - Slapshot by Dmitry Orlov.
2:29 of 2nd period - Shot Blocked by Travis Dermott.
3:02 of 2nd period - Minor Penalty to Thomas Chabot for Hooking.
3:03 of 2nd period - David Krejci wins face-off versus Marcus Foligno in Hartford Whalers zone.
3:04 of 2nd period - Slapshot by Jared Spurgeon.
3:04 of 2nd period - Shot Misses the Net.
3:12 of 2nd period - Wrist shot by Marcus Foligno.
3:12 of 2nd period - Stopped by Kaapo Kahkonen with a rebound.
3:14 of 2nd period - Slapshot by Marcus Foligno.
3:14 of 2nd period - Stopped by Kaapo Kahkonen without a rebound.
3:15 of 2nd period - David Krejci wins face-off versus Joshua Norris in Arizona Coyotes zone.
3:30 of 2nd period - Wrist shot by Tyler Seguin.
3:30 of 2nd period - Shot Misses the Net.
3:53 of 2nd period - Wrist shot by Alexander Wennberg.
3:53 of 2nd period - Shot Misses the Net.
4:56 of 2nd period - Joshua Norris is hit by Claude Giroux and loses puck.
5:02 of 2nd period - Penalty to Thomas Chabot is over, Thomas Chabot is back on ice.
5:13 of 2nd period - Slapshot by Jared Spurgeon.
5:13 of 2nd period - Shot Blocked by Torey Krug.
5:15 of 2nd period - Slapshot by Radko Gudas.
5:15 of 2nd period - Stopped by Anton Forsberg with a rebound.
5:17 of 2nd period - Snap shot by Charlie Coyle.
5:17 of 2nd period - Shot Misses the Net.
5:19 of 2nd period - Wrist shot by Radko Gudas.
5:19 of 2nd period - Shot Misses the Net.
5:21 of 2nd period - Wrist shot by James van Riemsdyk.
5:21 of 2nd period - Shot Blocked by Jaccob Slavin.
5:35 of 2nd period - Jani Hakanpaa is hit by Torey Krug and loses puck.
5:52 of 2nd period - Alexander Wennberg is hit by Charlie Coyle and loses puck.
6:44 of 2nd period - Anthony Mantha is hit by Dmitry Orlov and loses puck.
6:49 of 2nd period - Slapshot by Jared Spurgeon.
6:49 of 2nd period - Stopped by Anton Forsberg with a rebound.
7:08 of 2nd period - Wrist shot by Eetu Luostarinen.
7:08 of 2nd period - Stopped by Kaapo Kahkonen with a rebound.
7:10 of 2nd period - Wrist shot by Brett Howden.
7:10 of 2nd period - Stopped by Kaapo Kahkonen with a rebound.
7:22 of 2nd period - Snap shot by Claude Giroux.
7:22 of 2nd period - Shot Misses the Net.
7:24 of 2nd period - Slapshot by Jared Spurgeon.
7:24 of 2nd period - Stopped by Anton Forsberg with a rebound.
7:26 of 2nd period - Wrist shot by Jared Spurgeon.
7:26 of 2nd period - Deflect By Thomas Chabot.
7:26 of 2nd period - Stopped by Anton Forsberg without a rebound.
7:27 of 2nd period - David Krejci wins face-off versus Taylor Hall in Hartford Whalers zone.
7:56 of 2nd period - Snap shot by Mats Zuccarello.
7:56 of 2nd period - Stopped by Anton Forsberg without a rebound.
7:57 of 2nd period - Alexander Wennberg wins face-off versus Tyler Seguin in Hartford Whalers zone.
8:13 of 2nd period - Icing by Ondrej Palat.
8:14 of 2nd period - Joshua Norris wins face-off versus Ilya Mikheyev in Arizona Coyotes zone.
8:42 of 2nd period - Wrist shot by Joshua Norris.
8:42 of 2nd period - Stopped by Kaapo Kahkonen without a rebound.
8:43 of 2nd period - Alexander Wennberg wins face-off versus David Krejci in Arizona Coyotes zone.
9:46 of 2nd period - Snap shot by Torey Krug.
9:46 of 2nd period - Shot Blocked by Radko Gudas.
9:48 of 2nd period - Snap shot by Torey Krug.
9:48 of 2nd period - Shot Blocked by Jani Hakanpaa.
9:50 of 2nd period - Slapshot by Torey Krug.
9:50 of 2nd period - Shot Blocked by Tyler Seguin.
9:52 of 2nd period - Slapshot by Alec Martinez.
9:52 of 2nd period - Shot Misses the Net.
9:54 of 2nd period - Snap shot by Casey Cizikas.
9:54 of 2nd period - Shot Misses the Net.
9:58 of 2nd period - Wrist shot by Alexis Lafreniere.
9:58 of 2nd period - Shot Blocked by Radko Gudas.
10:00 of 2nd period - Snap shot by Anthony Mantha.
10:00 of 2nd period - Shot Misses the Net.
10:02 of 2nd period - Snap shot by Casey Cizikas.
10:02 of 2nd period - Goal by Casey Cizikas - Hartford Whalers : 3 - Arizona Coyotes : 0.
10:03 of 2nd period - David Krejci wins face-off versus Alexander Wennberg in neutral zone.
10:09 of 2nd period - Off-side.
10:10 of 2nd period - David Krejci wins face-off versus Alexander Wennberg in neutral zone.
10:24 of 2nd period - Wrist shot by Alexander Wennberg.
10:24 of 2nd period - Shot Blocked by Brayden McNabb.
10:26 of 2nd period - Slapshot by Alexander Wennberg.
10:26 of 2nd period - Shot Misses the Net.
10:36 of 2nd period - Wrist shot by Erik Haula.
10:36 of 2nd period - Stopped by Anton Forsberg without a rebound.
10:37 of 2nd period - Joshua Norris wins face-off versus Erik Haula in Hartford Whalers zone.
10:37 of 2nd period - Joshua Norris is hit by Charlie Coyle.
10:47 of 2nd period - Snap shot by Taylor Hall.
10:47 of 2nd period - Deflect By Joshua Norris.
10:47 of 2nd period - Goal by Joshua Norris - Hartford Whalers : 4 - Arizona Coyotes : 0.
10:48 of 2nd period - Joshua Norris wins face-off versus David Krejci in neutral zone.
10:53 of 2nd period - Slapshot by Marcus Foligno.
10:53 of 2nd period - Stopped by Kaapo Kahkonen with a rebound.
11:24 of 2nd period - Icing by Dmitry Orlov.
11:25 of 2nd period - Erik Haula wins face-off versus Joshua Norris in Arizona Coyotes zone.
11:31 of 2nd period - Charlie Coyle is hit by Alec Martinez and loses puck.
11:40 of 2nd period - Slapshot by Joshua Norris.
11:40 of 2nd period - Shot Misses the Net.
12:30 of 2nd period - Ross Colton is hit by Anthony Mantha and loses puck.
13:09 of 2nd period - Erik Haula is hit by Josh Anderson and loses puck.
13:30 of 2nd period - Snap shot by Kevin Labanc.
13:30 of 2nd period - Shot Blocked by Mats Zuccarello.
13:32 of 2nd period - Slapshot by Alec Martinez.
13:32 of 2nd period - Shot Misses the Net.
13:40 of 2nd period - Backhand shot by Eetu Luostarinen.
13:40 of 2nd period - Stopped by Kaapo Kahkonen with a rebound.
13:49 of 2nd period - Off-side.
13:50 of 2nd period - Tyler Seguin wins face-off versus Alexis Lafreniere in neutral zone.
14:02 of 2nd period - Jared Spurgeon is hit by Connor Clifton and loses puck.
14:46 of 2nd period - Off-side.
14:47 of 2nd period - Tyler Seguin wins face-off versus Joshua Norris in neutral zone.
14:52 of 2nd period - Dmitry Orlov is hit by Taylor Hall and loses puck.
14:57 of 2nd period - Slapshot by Joshua Norris.
14:57 of 2nd period - Stopped by Kaapo Kahkonen with a rebound.
14:59 of 2nd period - Slapshot by Thomas Chabot.
14:59 of 2nd period - Stopped by Kaapo Kahkonen without a rebound.
15:00 of 2nd period - Alexander Wennberg wins face-off versus David Krejci in Arizona Coyotes zone.
15:03 of 2nd period - Wrist shot by Josh Anderson.
15:03 of 2nd period - Stopped by Kaapo Kahkonen without a rebound.
15:04 of 2nd period - Josh Anderson wins face-off versus David Krejci in Arizona Coyotes zone.
15:07 of 2nd period - Snap shot by Alexander Wennberg.
15:07 of 2nd period - Stopped by Kaapo Kahkonen with a rebound.
15:31 of 2nd period - Alec Martinez is hit by Ondrej Palat and loses puck.
16:02 of 2nd period - Backhand shot by Thomas Chabot.
16:02 of 2nd period - Shot Misses the Net.
16:20 of 2nd period - Backhand shot by Jared Spurgeon.
16:20 of 2nd period - Shot Misses the Net.
17:00 of 2nd period - Kevin Labanc is hit by Tyler Seguin and loses puck.
17:38 of 2nd period - Radko Gudas is hit by Josh Anderson and loses puck.
17:45 of 2nd period - Snap shot by William Carrier.
17:45 of 2nd period - Shot Blocked by Alec Martinez.
17:47 of 2nd period - Snap shot by Brandon Tanev.
17:47 of 2nd period - Stopped by Anton Forsberg with a rebound.
17:51 of 2nd period - Slapshot by William Carrier.
17:51 of 2nd period - Shot Blocked by Alec Martinez.
18:07 of 2nd period - Snap shot by Joshua Norris.
18:07 of 2nd period - Stopped by Kaapo Kahkonen with a rebound.
18:39 of 2nd period - Snap shot by Anthony Mantha.
18:39 of 2nd period - Stopped by Kaapo Kahkonen without a rebound.
18:40 of 2nd period - Erik Haula wins face-off versus Casey Cizikas in Arizona Coyotes zone.
18:45 of 2nd period - Snap shot by Charlie Coyle.
18:45 of 2nd period - Deflect By James van Riemsdyk.
18:45 of 2nd period - Stopped by Anton Forsberg with a rebound.
18:47 of 2nd period - Slapshot by Radko Gudas.
18:47 of 2nd period - Shot Blocked by Alexis Lafreniere.
18:57 of 2nd period - Jani Hakanpaa is hit by Alexis Lafreniere and loses puck.
Goals for this period are 3 for Hartford Whalers vs 0 for Arizona Coyotes.
Shots for this period are 18 for Hartford Whalers vs 9 for Arizona Coyotes.
3rd period
0:01 of 3rd period - David Krejci wins face-off versus Josh Anderson in neutral zone.
0:26 of 3rd period - Ilya Mikheyev is hit by Taylor Hall.
0:35 of 3rd period - Off-side.
0:36 of 3rd period - David Krejci wins face-off versus Taylor Hall in neutral zone.
1:03 of 3rd period - Snap shot by Alexander Wennberg.
1:03 of 3rd period - Stopped by Kaapo Kahkonen with a rebound.
1:05 of 3rd period - Slapshot by Travis Dermott.
1:05 of 3rd period - Stopped by Kaapo Kahkonen with a rebound.
1:07 of 3rd period - Snap shot by Connor Clifton.
1:07 of 3rd period - Shot Blocked by Mathew Dumba.
1:09 of 3rd period - Snap shot by Travis Dermott.
1:09 of 3rd period - Stopped by Kaapo Kahkonen without a rebound.
1:10 of 3rd period - Tyler Seguin wins face-off versus Alexander Wennberg in Arizona Coyotes zone.
2:38 of 3rd period - Minor Penalty to Casey Cizikas for High sticking.
2:39 of 3rd period - David Krejci wins face-off versus Marcus Foligno in Hartford Whalers zone.
2:44 of 3rd period - Slapshot by Tyler Seguin.
2:44 of 3rd period - Deflect By David Krejci.
2:44 of 3rd period - Shot Misses the Net.
2:44 of 3rd period - Puck is out of play.
2:45 of 3rd period - David Krejci wins face-off versus Marcus Foligno in Hartford Whalers zone.
2:58 of 3rd period - Slapshot by Ondrej Palat.
2:58 of 3rd period - Shot Misses the Net.
3:00 of 3rd period - Wrist shot by Tyler Seguin.
3:00 of 3rd period - Shot Misses the Net.
3:22 of 3rd period - Snap shot by Taylor Hall.
3:22 of 3rd period - Shot Misses the Net.
4:38 of 3rd period - Penalty to Casey Cizikas is over, Casey Cizikas is back on ice.
4:39 of 3rd period - Eetu Luostarinen is hit by Jared Spurgeon and loses puck.
4:49 of 3rd period - Jaccob Slavin is hit by Charlie Coyle and loses puck.
4:56 of 3rd period - Jaccob Slavin is hit by Radko Gudas.
5:16 of 3rd period - Slapshot by Ross Colton.
5:16 of 3rd period - Shot Misses the Net.
5:18 of 3rd period - Slapshot by Radko Gudas.
5:18 of 3rd period - Shot Misses the Net.
5:20 of 3rd period - Wrist shot by William Carrier.
5:20 of 3rd period - Stopped by Anton Forsberg with a rebound.
6:51 of 3rd period - Wrist shot by Ondrej Palat.
6:51 of 3rd period - Stopped by Anton Forsberg without a rebound.
6:52 of 3rd period - Tyler Seguin wins face-off versus Casey Cizikas in Hartford Whalers zone.
7:13 of 3rd period - Wrist shot by Ondrej Palat.
7:13 of 3rd period - Shot Blocked by Travis Dermott.
7:15 of 3rd period - Snap shot by Ondrej Palat.
7:15 of 3rd period - Shot Misses the Net.
7:17 of 3rd period - Slapshot by Mathew Dumba.
7:17 of 3rd period - Shot Misses the Net.
7:49 of 3rd period - Slapshot by Alexis Lafreniere.
7:49 of 3rd period - Stopped by Kaapo Kahkonen without a rebound.
7:50 of 3rd period - Alexander Wennberg wins face-off versus David Krejci in Arizona Coyotes zone.
8:50 of 3rd period - Snap shot by William Carrier.
8:50 of 3rd period - Shot Misses the Net.
9:32 of 3rd period - Slapshot by Jared Spurgeon.
9:32 of 3rd period - Shot Misses the Net.
9:34 of 3rd period - Slapshot by Jared Spurgeon.
9:34 of 3rd period - Stopped by Anton Forsberg with a rebound.
9:36 of 3rd period - Slapshot by Jared Spurgeon.
9:36 of 3rd period - Stopped by Anton Forsberg without a rebound.
9:37 of 3rd period - Ross Colton wins face-off versus Alexander Wennberg in Hartford Whalers zone.
9:42 of 3rd period - Snap shot by Ross Colton.
9:42 of 3rd period - Shot Blocked by Alexander Wennberg.
10:09 of 3rd period - Mats Zuccarello is hit by Taylor Hall and loses puck.
10:22 of 3rd period - Kevin Labanc is hit by Ilya Mikheyev and loses puck.
10:44 of 3rd period - Snap shot by Anthony Mantha.
10:44 of 3rd period - Stopped by Kaapo Kahkonen with a rebound.
11:14 of 3rd period - Wrist shot by Alexander Wennberg.
11:14 of 3rd period - Shot Blocked by Jani Hakanpaa.
11:20 of 3rd period - Connor Clifton is hit by David Krejci and loses puck.
11:35 of 3rd period - Snap shot by Marcus Foligno.
11:35 of 3rd period - Shot Misses the Net.
11:41 of 3rd period - Snap shot by Brandon Tanev.
11:41 of 3rd period - Goal by Brandon Tanev - Hartford Whalers : 4 - Arizona Coyotes : 1.
11:42 of 3rd period - Tyler Seguin wins face-off versus Marcus Foligno in neutral zone.
11:50 of 3rd period - Snap shot by Ondrej Palat.
11:50 of 3rd period - Stopped by Anton Forsberg with a rebound.
11:52 of 3rd period - Wrist shot by Tyler Seguin.
11:52 of 3rd period - Shot Misses the Net.
11:58 of 3rd period - Wrist shot by Ondrej Palat.
11:58 of 3rd period - Shot Misses the Net.
12:19 of 3rd period - Slapshot by Mats Zuccarello.
12:19 of 3rd period - Stopped by Anton Forsberg with a rebound.
12:31 of 3rd period - Slapshot by Mathew Dumba.
12:31 of 3rd period - Deflect By Torey Krug.
12:31 of 3rd period - Stopped by Anton Forsberg with a rebound.
12:36 of 3rd period - Off-side.
12:37 of 3rd period - Tyler Seguin wins face-off versus Joshua Norris in neutral zone.
12:43 of 3rd period - Icing by Torey Krug.
12:44 of 3rd period - Joshua Norris wins face-off versus Tyler Seguin in Hartford Whalers zone.
12:55 of 3rd period - Slapshot by Torey Krug.
12:55 of 3rd period - Stopped by Kaapo Kahkonen with a rebound.
12:57 of 3rd period - Snap shot by Taylor Hall.
12:57 of 3rd period - Shot Hit the Post.
13:05 of 3rd period - Marcus Foligno is hit by Tyler Seguin and loses puck.
13:14 of 3rd period - Backhand shot by Tyler Seguin.
13:14 of 3rd period - Shot Misses the Net.
13:49 of 3rd period - Off-side.
13:50 of 3rd period - Alexander Wennberg wins face-off versus Mats Zuccarello in neutral zone.
14:15 of 3rd period - Alexis Lafreniere is hit by Charlie Coyle and loses puck.
16:31 of 3rd period - Snap shot by Ross Colton.
16:31 of 3rd period - Stopped by Anton Forsberg with a rebound.
16:49 of 3rd period - Jared Spurgeon is hit by Marcus Foligno.
16:53 of 3rd period - Joshua Norris is hit by Ondrej Palat and loses puck.
17:58 of 3rd period - Slapshot by Brett Howden.
17:58 of 3rd period - Shot Misses the Net.
18:00 of 3rd period - Snap shot by Alec Martinez.
18:00 of 3rd period - Deflect By Kevin Labanc.
18:00 of 3rd period - Stopped by Kaapo Kahkonen with a rebound.
18:02 of 3rd period - Snap shot by Eetu Luostarinen.
18:02 of 3rd period - Stopped by Kaapo Kahkonen with a rebound.
18:16 of 3rd period - Wrist shot by Tyler Seguin.
18:16 of 3rd period - Stopped by Anton Forsberg with a rebound.
18:24 of 3rd period - Snap shot by Ondrej Palat.
18:24 of 3rd period - Stopped by Anton Forsberg without a rebound.
18:25 of 3rd period - Alexander Wennberg wins face-off versus Claude Giroux in Hartford Whalers zone.
18:33 of 3rd period - Minor Penalty to Mathew Dumba for Tripping.
18:34 of 3rd period - Claude Giroux wins face-off versus Alexander Wennberg in Arizona Coyotes zone.
19:28 of 3rd period - Claude Giroux is hit by Torey Krug and loses puck.
Goals for this period are 0 for Hartford Whalers vs 1 for Arizona Coyotes.
Shots for this period are 8 for Hartford Whalers vs 11 for Arizona Coyotes.
Back to the Top